 Dungeon Crawl Stone Soup version 0.28-a0-691-gad6df49e81 (webtiles) character file.

Game seed: 2255190826331709491

165 kae the Insei (level 5, -1/42 HPs)
             Began as a Draconian Transmuter on Oct 20, 2021.
             Slain by a gnoll (5 damage)
             ... on level 3 of the Dungeon.
             The game lasted 00:01:27 (2082 turns).

kae the Insei (Draconian Transmuter)                Turns: 2082, Time: 00:01:27

Health: -1/42      AC:  2    Str: 12    XL:     5   Next: 22%
Magic:  3/8        EV: 19    Int: 14    God:
Gold:   31         SH:  0    Dex: 17    Spells: 4/8 levels left

rFire   . . .      SeeInvis .     - Unarmed
rCold   . . .      Faith    .   (shield currently unavailable)
rNeg    . . .      Spirit   .   (armour unavailable)
rPois   x          Reflect  .   (helmet currently unavailable)
rElec   .          Harm     .   (cloak currently unavailable)
rCorr   .          Rampage  .   (gloves currently unavailable)
Will    .....                   (boots currently unavailable)
Stlth   ++........              (no amulet)
HPRegen 0.14/turn               (no ring)
MPRegen 0.11/turn               (no ring)

@: spider-form
A: venomous fangs, AC +5, tiny, unfitting armour, (cold-blooded)
a: End Transformation


You were on level 3 of the Dungeon.
You were a venomous arachnid creature.
You visited 1 branch of the dungeon, and saw 3 of its levels.

You collected 31 gold pieces.

Inventory:

Potions
 a - a potion of haste
 c - a potion of flight {unknown}
 e - a potion of lignification


   Skills:
 + Level 2.6 Fighting
 - Level 1.7 Dodging
 * Level 4.4 Unarmed Combat
 - Level 2.0 Spellcasting
 + Level 2.9 Transmutations
 - Level 2.0 Poison Magic


You had 4 spell levels left.
You knew the following spells:

 Your Spells              Type           Power      Damage    Failure   Level
a - Beastly Appendage     Tmut           18%        N/A       19%         1
b - Spider Form           Tmut/Pois      4%         N/A       47%         3

Your spell library contained the following spells:

 Spells                   Type           Power      Damage    Failure   Level
 Wereblood                Tmut           9%         N/A       26%         2
 Ice Form                 Ice/Tmut       5%         N/A       91%         4


Dungeon Overview and Level Annotations

Branches:
Dungeon (3/15)

Altars:


Innate Abilities, Weirdness & Mutations

You are a venomous arachnid creature.
You have poisonous fangs.
You are tiny and dextrous.
Your spellcasting is less reliable in this form.
Your armour is entirely melded.
You are incapable of wielding weapons or throwing items.
((Your plain brown scales are hard. (AC +5)))
You cannot fit into any form of body armour.
((You are cold-blooded and may be slowed by cold attacks.))


Message History

You hit the hound.
You kill the hound!
The gnoll misses you. x2
Training target 2.0 for Poison Magic reached!
Your Poison Magic skill increases to level 2!
You have reached level 5!
You feel much better. The gnoll barely misses you.
The gnoll hits you but does no damage.
You see here a hound corpse.
Casting: Spider Form (quite dangerous; 26% risk of failure)
Confirm with . or Enter, or press ? or * to list all spells.
The spell is quite dangerous to cast (26% risk of failure)!
Continue anyway? [Y]es or [N]o only, please.
The spell is quite dangerous to cast (26% risk of failure)!
Continue anyway?
You turn into a venomous arachnid creature.
The gnoll misses you. x2
You bite the gnoll!
The gnoll is poisoned.
The gnoll is heavily wounded.
The gnoll hits you with a +0 whip.
You hit the gnoll.
The gnoll looks as sick as possible!
The gnoll is severely wounded.
The gnoll closely misses you. The gnoll hits you with a +0 whip.
You barely miss the gnoll.
The gnoll is almost dead.
You kill the gnoll!
The gnoll hits you from afar with a +0 spear.
* * * LOW HITPOINT WARNING * * *
The gnoll hits you with a +0 spear.
* * * LOW HITPOINT WARNING * * *
Things that are here:
a +0 whip; a gnoll corpse; a hound corpse You barely miss the gnoll.
The gnoll misses you.
You hit the gnoll.
The gnoll is poisoned.
The gnoll is moderately wounded.
The gnoll hits you with a +0 spear.
* * * LOW HITPOINT WARNING * * *
You hit the gnoll.
The gnoll is severely wounded.
The gnoll hits you with a +0 spear.
You die...

*******,,,,,,,,*,****,*****,,,,,,
,,,,,**#.....#**,****,,,,,,,,,,,,
,,,,,*##.....#*,,,,,,,,,,,*,,,***
,,,,,*#......#*,,,........#,,,*
,,,,,,#......#*,,,........#...#
,,,,,,#......#*,,,,.......#...#
,...,,#.r....#*#+#**#.....#...#
,....,#......# #.# #.....#...#
,....#####.#** #s# #.....#...#
*#.........#####g# #.....#...#
,.........))(r..r# #.....#...###
,.........######## ##....)...#..
,.........# #######.##..#..#.#
,.........# #..............†..
,.######.## #.#####.##..#.##.#
,,* #.# #.# #..........). ,,* #.#
#.# #..##.#..##.#


You could see a gnoll (very poisoned) and a quokka.

Vanquished Creatures
  A hound (D:3)
  A gnoll shaman (D:3)
  2 gnolls (D:3)
  2 adders (D:2)
  2 worms (D:2)
  3 dart slugs
  3 bats
  8 endoplasms
  2 giant cockroaches
  6 goblins
  2 hobgoblins
  4 jackals (D:1)
  4 kobolds
  4 quokkas
  6 ball pythons
  3 frilled lizards
53 creatures vanquished.

Notes
Turn   | Place    | Note
-------+----------+-------------------------------------------
     0 | D:1      | kae the Draconian Transmuter began the quest for the Orb.
     0 | D:1      | Reached XP level 1. HP: 16/16 MP: 3/3
   316 | D:1      | Reached XP level 2. HP: 22/23 MP: 3/5
   794 | D:1      | Reached XP level 3. HP: 29/29 MP: 4/6
   798 | D:1      | Learned a level 3 spell: Spider Form
  1384 | D:2      | Reached skill level 1 in Poison Magic
  1529 | D:2      | Reached XP level 4. HP: 36/36 MP: 5/7
  1591 | D:2      | Found a faded altar of an unknown god.
  1730 | D:2      | Reached skill level 4 in Unarmed Combat
  2072 | D:3      | Reached XP level 5. HP: 3/42 MP: 5/8
  2082 | D:3      | Slain by a gnoll

Illustrated notes

Levels and vault maps discovered:
D:1:      tarquinn_simple_flora_water_c, layout_rooms, st_stairs_14
D:2:      layout_rooms, chequers_ecumenical_altar_simple,
          kennysheep_generic_room_5
D:3:      layout_basic

Skill      XL: |  1  2  3  4 |
---------------+-------------+-----
Fighting       | 2 |  2.6
Poison Magic   | 1 2 |  2.0
Unarmed Combat | 4 |  4.4
Dodging        | |  1.7
Spellcasting   | |  2.0
Transmutations | |  2.9

Action                   |  1- 3 |  4- 6 || total
-------------------------+-------+-------++-------
Melee: Unarmed           |   108 |    42 ||   150
       Kick              |    12 |     2 ||    14
       Headbutt          |    12 |     4 ||    16
       Tailslap          |     9 |     2 ||    11
       Punch             |     1 |       ||     1
 Cast: Beastly Appendage |    23 |     6 ||    29
       Spider Form       |     1 |     2 ||     3
  Use: Scroll            |       |     6 ||     6
       Potion            |       |     1 ||     1
Armor: Skin              |    32 |    10 ||    42
Dodge: Dodged            |    64 |    33 ||    97

Table legend: (Time is in decaauts)
 A = Elapsed time spent in this place.
 B = Non-inter-level travel time spent in this place.
 C = Inter-level travel time spent in this place.
 D = Time resting spent in this place.
 E = Time spent auto-exploring this place.
 F = Levels seen in this place.
 G = Mean time per level.
                   A        B        C        D        E       F      G
               +--------+--------+--------+--------+--------+-----+--------+
         Total |   2075 |   2038 |     37 |    104 |   1546 |   3 |  691.7 |
       Dungeon |   2075 |   2038 |     37 |    104 |   1546 |   3 |  691.7 |
               +--------+--------+--------+--------+--------+-----+--------+

Top non-repeatable levels by time:
     D:1: 1048 daAuts
     D:2: 797 daAuts
     D:3: 229 daAuts
